 Dungeon Crawl Stone Soup version 0.29.1-12-g30fa7ad0bf (webtiles) character file.

Game seed: 7125857171851700256

429 Radix the Trooper (level 6, -1/41 HPs)
             Began as a Gargoyle Fighter on Dec 18, 2022.
             Slain by an ogre
             ... wielding a +0 giant club
              (21 damage)
             ... on level 4 of the Dungeon.
             The game lasted 00:24:21 (4747 turns).

Radix the Trooper (Gargoyle Fighter)                Turns: 4747, Time: 00:24:21

Health: -1/41      AC: 13    Str: 22    XL:     6   Next: 98%
Magic:  0/6        EV:  6    Int:  8    God:
Gold:   155        SH:  8    Dex:  9    Spells: 5/5 levels left

rFire   . . .      SeeInvis .   v - +0 morningstar
rCold   . . .      Faith    .   l - +0 kite shield
rNeg    + . .      Spirit   +   s - +0 chain mail
rPois   ∞          Reflect  .   (no helmet)
rElec   +          Harm     .   (no cloak)
rCorr   .          Rampage  .   (no gloves)
Will    .....                   (no boots)
Stlth   ..........              j - amulet of guardian spirit
HPRegen 0.13/turn               (no ring)
MPRegen 0.10/turn               (no ring)

@: no status effects
A: sickness immunity, AC +4, negative energy resistance 1, electricity
resistance, torment resistance 1, petrification resistance
a: no special abilities


You were on level 4 of the Dungeon.
You visited 1 branch of the dungeon, and saw 4 of its levels.

You collected 155 gold pieces.

Inventory:

Hand Weapons
 a - a +0 flail
 v - a +0 morningstar (weapon)
Missiles
 p - 2 javelins
 u - 4 boomerangs (quivered)
 x - 2 throwing nets
Armour
 b - a +0 scale mail
 c - a +0 buckler
 l - a +0 kite shield (worn)
 s - a +0 chain mail (worn)
Jewellery
 j - an amulet of guardian spirit (around neck)
Wands
 z - a wand of iceblast (12)
 A - a wand of flame (16)
 B - a wand of light (10)
Scrolls
 f - a scroll of amnesia {unknown}
 g - a scroll of summoning {unknown}
 i - 2 scrolls of fear {unknown}
 k - 2 scrolls of noise {unknown}
 m - 3 scrolls of identify {unknown}
 n - 3 scrolls of teleportation {unknown}
 q - a scroll of poison {unknown}
 r - a scroll of vulnerability {unknown}
 w - a scroll of enchant weapon {unknown}
 y - a scroll of magic mapping {unknown}
Potions
 d - 4 potions of might
 e - 2 potions of curing
 h - 2 potions of cancellation {unknown}
 o - 4 potions of lignification {unknown}
 t - 2 potions of magic {unknown}


   Skills:
 + Level 6.0 Fighting
 + Level 4.9 Maces & Flails
 + Level 3.8 Armour
 + Level 3.8 Shields


You had 5 spell levels left.
You didn't know any spells.
Your spell library contained the following spells:

 Spells                   Type           Power      Damage    Failure   Level
 Sandblast                Erth           0%         2d4       100%        1
 Passwall                 Tmut/Erth      0%         N/A       100%        2
 Conjure Flame            Conj/Fire      0%         6-21      100%        3
 Ignite Poison            Fire/Tmut/Pois 0%         N/A       100%        3
 Stone Arrow              Conj/Erth      0%         3d7       100%        3
 Sticky Flame             Conj/Fire      0%         2d3       100%        4


Dungeon Overview and Level Annotations

Branches:
Dungeon (4/15)
 Temple: D:4-7

Altars:
Vehumet

Annotations:
D:2 Sigmund


Innate Abilities, Weirdness & Mutations

You are immune to sickness and miasma.
Your stone body is resilient. (AC +4)
You are immune to poison.
You resist negative energy. (rN+)
You are resistant to electric shocks. (rElec)
You are resistant to unholy torment.
You are immune to petrification.


Message History

The adder attacks as you move away! The adder barely misses you.
Items here: ! $ )) [ ††.
The goblin attacks as you move away! The goblin hits you but does no damage.
The goblin attacks as you move away! You block the goblin's attack.
The adder bites you but does no damage. The adder attacks as you move away!
The adder bites you but does no damage.
You barely miss the adder. The adder bites you but does no damage.
The goblin hits you but does no damage. You block the adder's attack.
The adder bites you but does no damage.
You barely miss the goblin. The goblin hits you but does no damage.
The goblin barely misses you.
You barely miss the goblin.
A goblin comes into view. It is wielding a +0 club.
You block the goblin's attack.
You closely miss the goblin. You block the goblin's attack.
The goblin hits you but does no damage.
You barely miss the goblin. The goblin hits you but does no damage.
You puncture the goblin!
You kill the goblin!
The adder barely misses you.
You sock the adder!
You kill the adder!
The goblin barely misses you.
You closely miss the goblin. You block the goblin's attack.
You closely miss the goblin. The goblin hits you but does no damage.
You block the goblin's attack.
You closely miss the goblin. The goblin hits you but does no damage.
You completely miss the goblin.
The goblin hits you but does no damage. x2
You sock the goblin!
You kill the goblin!
You hit the goblin.
You kill the goblin!
The ogre hits you with a +0 giant club!
You barely miss the ogre. You hit the ogre but do no damage.
The ogre hits you with a +0 giant club!
You barely miss the ogre. The ogre barely misses you.
You barely miss the ogre.
The ogre hits you with a +0 giant club!!
Ouch! That really hurt!
You die...

## #...#.##.# 8###...
##..)....# .#... . ####.####
...# .# #...# #..###.## #...#
#.......#### #...#
##.#........#
#####...#######..#........##
#...........##.#)...........
.............@Og..)..........
##..^........##.#............
#####...#######..#..........
#...# ##.#.......... #...#
#.###...##### #...# #.# ##..#
##.## #.. ..# .. ### ... ....


You could see an ogre and a goblin.

Vanquished Creatures
  Blork the orc (D:4)
  A scorpion (D:4)
  A jelly (D:4)
  An orc priest (D:3)
  2 orc wizards (D:3)
  Ijyb (D:4)
  7 gnolls (D:4)
  2 adders
  A worm (D:4)
  2 dart slugs
  7 orcs (D:3)
  5 ball pythons
  4 bats
  8 endoplasms
  4 giant cockroaches
  6 hobgoblins
  2 jackals (D:1)
  4 kobolds
  6 frilled lizards
  13 goblins
  4 rats
82 creatures vanquished.

Notes
Turn   | Place    | Note
-------+----------+-------------------------------------------
     0 | D:1      | Radix the Gargoyle Fighter began the quest for the Orb.
     0 | D:1      | Reached XP level 1. HP: 14/14 MP: 1/1
   495 | D:1      | Reached XP level 2. HP: 19/19 MP: 2/2
   985 | D:1      | Reached XP level 3. HP: 17/24 MP: 1/3
  1000 | D:1      | Found a faded altar of an unknown god.
  1004 | D:1      | Reached skill level 4 in Fighting
  1700 | D:2      | Noticed Sigmund
  2153 | D:3      | HP: 1/24 [goblin/+0 club (1)]
  2457 | D:2      | Reached XP level 4. HP: 30/30 MP: 2/4
  3041 | D:3      | Reached XP level 5. HP: 7/34 MP: 1/5
  3345 | D:3      | Reached skill level 5 in Fighting
  3592 | D:3      | Found a radiant altar of Vehumet.
  4086 | D:4      | HP: 1/35 [dart slug (2)]
  4090 | D:4      | Reached XP level 6. HP: 13/40 MP: 1/6
  4329 | D:4      | Noticed Ijyb
  4344 | D:4      | Killed Ijyb
  4657 | D:4      | Noticed Blork the orc
  4673 | D:4      | Killed Blork the orc
  4714 | D:4      | Reached skill level 6 in Fighting
  4747 | D:4      | Slain by an ogre

Illustrated notes

Levels and vault maps discovered:
D:1:      dpeg_arrival_central, layout_basic, chequers_ecumenical_altar_island
D:2:      layout_rooms, minmay_diced_spiral, uniq_sigmund
D:3:      layout_loops_ring, mainiacjoe_overflow_surrounded_room,
          kennysheep_generic_room_9
D:4:      layout_loops_cross, temple_statues, minmay_ogre_servants,
          uniq_blork_the_orc, uniq_ijyb

Skill      XL: |  1  2  3  4  5  6 |
---------------+-------------------+-----
Fighting       | 4 5 6 |  6.0
Maces & Flails | 3 4 |  4.9
Armour         | |  3.8
Shields        | |  3.8

Action                   |  1- 3 |  4- 6 || total
-------------------------+-------+-------++-------
Melee: Flail             |   117 |    36 ||   153
       Morningstar       |       |   134 ||   134
Throw: Javelin           |       |     3 ||     3
       Boomerang         |       |     8 ||     8
  Use: Potion            |       |     2 ||     2
Armor: Scale mail        |    91 |    22 ||   113
       Chain mail        |       |   109 ||   109
Dodge: Dodged            |    80 |    52 ||   132
Block: Buckler           |    20 |       ||    20
       Kite shield       |    18 |    69 ||    87
